 Dungeon Crawl Stone Soup version 0.22-a0-322-g60b3cfd402 (webtiles) character file.

154 Oravi the Changer (level 5, -6/37 HPs)
             Began as a Merfolk Transmuter on Apr 1, 2018.
             Mangled by Sassnadas's ghost (10 damage)
             ... on level 3 of the Dungeon.
             The game lasted 00:10:45 (2417 turns).

Oravi the Changer (Merfolk Transmuter)              Turns: 2417, Time: 00:10:47

Health: -6/37      AC:  2    Str:  9 (10) XL:     5   Next: 36%
Magic:  0/8        EV: 21    Int: 10 (13) God:
Gold:   143        SH:  0    Dex: 17 (20) Spells: 2/8 levels left

rFire    . . .     SeeInvis .     - Unarmed
rCold    . . .     Gourm    .   (shield currently unavailable)
rNeg     . . .     Faith    .   (armour currently unavailable)
rPois    x         Spirit   .   (helmet currently unavailable)
rElec    .         Reflect  .   (cloak currently unavailable)
rCorr    .         Harm     .   (gloves currently unavailable)
MR       .....                  (boots currently unavailable)
Stlth    ++........             (no amulet)
HPRegen  0.12/turn              (no ring)
MPRegen  0.11/turn              (no ring)

@: spider-form (expiring)
A: tiny, (change form in water), (swift swim), (stealthy swim)
a: End Transformation


You were on level 3 of the Dungeon.
You were not hungry.
You were a venomous arachnid creature.
You visited 1 branch of the dungeon, and saw 3 of its levels.

You collected 143 gold pieces.

Inventory:

Missiles
 a - 27 arrows
Armour
 b - a +0 robe (melded)
 f - a +0 hat (melded)
 n - a +2 pair of gloves of archery (melded)
 p - a +0 pair of boots (melded)
 s - a +0 cloak (melded)
Jewellery
 l - an uncursed ring of stealth {unknown}
Scrolls
 c - a scroll of amnesia {unknown}
 e - a scroll of enchant weapon {unknown}
 h - 3 scrolls of identify {unknown}
 i - 2 scrolls of remove curse {unknown}
 q - a scroll of random uselessness {unknown}
 r - a scroll of blinking {unknown}
Potions
 j - 3 potions of curing {unknown}
 k - a potion of heal wounds {unknown}
 m - 2 potions of haste {unknown}
Comestibles
 d - 5 rations
 o - a chunk of flesh


   Skills:
 - Level 1.2 Fighting
 + Level 3.7 Dodging
 - Level 0.1 Stealth
 - Level 4.3 Unarmed Combat
 - Level 2.0 Spellcasting
 * Level 4.9 Transmutations
 * Level 1.9 Poison Magic


You had 2 spell levels left.
You knew the following spells:

 Your Spells              Type           Power        Failure   Level  Hunger
a - Beastly Appendage     Tmut           ##....       13%         1    ##.....
b - Sticks to Snakes      Tmut           ##......     17%         2    ###....
c - Spider Form           Tmut/Pois      #.........   43%         3    ####...


Dungeon Overview and Level Annotations

Branches:
Dungeon (3/15)

Altars:
Hepliaklqana

Annotations:
D:3 Sassnadas's ghost, amateur FoFi


Message History

Sassnadas's ghost is lightly damaged.
Sassnadas's ghost misses you.
Your ball python bites Sassnadas's ghost but does no damage.
You hit Sassnadas's ghost but do no damage.
Sassnadas's ghost is lightly damaged.
Sassnadas's ghost hits you!
Your ball python bites Sassnadas's ghost but does no damage.
You catch the helpless Sassnadas's ghost completely off-guard!
You hit Sassnadas's ghost.
Sassnadas's ghost is moderately damaged.
Sassnadas's ghost hits you!
* * * LOW HITPOINT WARNING * * *
Your ball python completely misses Sassnadas's ghost.
It was a potion of degeneration.
There was something very wrong with that liquid.
You feel weakened.
You feel dopey.
You feel clumsy.
Your transformation is almost over.
Your ball python barely misses Sassnadas's ghost.
Sassnadas's ghost hits you!
You die...

#'#####
.......#####
.$....S...S#
.......###S#
....... #W#
....... #s#
.....b. #.#
....... #.#
###.### #.#
#. #.# ###


You could see Sassnadas's ghost and 2 friendly ball pythons.

Vanquished Creatures
  Crazy Yiuf (D:2)
  2 orc priests (D:2)
  4 adders (D:2)
  A leopard gecko (D:2)
  3 orcs (D:2)
  5 bats
  3 giant cockroaches
  3 goblins (D:1)
  3 hobgoblins
  A quokka (D:2)
  3 frilled lizards
  8 kobolds
  7 rats
  A fungus (D:2)
45 creatures vanquished.

Notes
Turn   | Place    | Note
-------+----------+-------------------------------------------
     0 | D:1      | Oravi the Merfolk Transmuter began the quest for the Orb.
     0 | D:1      | Reached XP level 1. HP: 15/15 MP: 3/3
   297 | D:1      | Reached XP level 2. HP: 19/21 MP: 5/5
   330 | D:1      | Learned a level 2 spell: Sticks to Snakes
   860 | D:2      | Reached XP level 3. HP: 16/26 MP: 3/6
  1032 | D:2      | Learned a level 3 spell: Spider Form
  1448 | D:2      | Found a hazy altar of Hepliaklqana.
  1474 | D:2      | Reached XP level 4. HP: 26/32 MP: 7/7
  1516 | D:2      | Reached skill level 1 in Poison Magic
  1530 | D:2      | Reached XP level 5. HP: 12/37 MP: 2/8
  2276 | D:2      | Found a runed door.
  2283 | D:2      | Noticed Crazy Yiuf
  2291 | D:2      | Killed Crazy Yiuf
  2400 | D:3      | Noticed Sassnadas's ghost (amateur FoFi)
  2417 | D:3      | Mangled by Sassnadas's ghost

Vault maps used:
D:1:      roderic_chinese_lattice_arrival, st_stairs_14, minmay_octomino_e4
D:2:      lemuel_tele_altar, uniq_crazy_yiuf_cottage
D:3:      overflow_temple_1_default, gammafunk_temple_overflow_pools,
          st_stairs_1, minmay_distorted

Skill      XL: |  1  2  3  4 |
---------------+-------------+-----
Transmutations | 3 4 |  4.9
Dodging        | 3 |  3.7
Unarmed Combat | 4 |  4.3
Poison Magic   | 1 |  1.9
Fighting       | |  1.2
Stealth        | |  0.1
Spellcasting   | |  2.0

Action                   |  1- 3 |  4- 6 || total
-------------------------+-------+-------++-------
Melee: Unarmed           |   118 |    63 ||   181
       Headbutt          |     6 |     3 ||     9
 Cast: Beastly Appendage |     9 |     3 ||    12
       Spider Form       |       |     4 ||     4
       Sticks to Snakes  |       |     6 ||     6
  Use: Potion            |       |     1 ||     1
 Stab: Sleeping          |     1 |       ||     1
       Distracted        |       |     1 ||     1
  Eat: Chunk             |     2 |     4 ||     6
Armor: Robe              |    27 |     7 ||    34
Dodge: Dodged            |    91 |    28 ||   119

Table legend:
 A = Spawn XP
 B = Non-spawn XP
 C = Spawn XP percentage of total XP
 D = Spawn monster count
 E = Non-spawn monster count
 F = Spawn count percentage of total count
 G = Total turns spent on level
                    A         B        C        D         E        F      G
               +---------+---------+-------+---------+---------+-------+---------
         Total |       0 |     221 |   0.0 |       0 |      44 |   0.0 |  2417
               +---------+---------+-------+---------+---------+-------+---------
           D:1 |       0 |      23 |   0.0 |       0 |      15 |   0.0 |   835
           D:2 |       0 |     198 |   0.0 |       0 |      29 |   0.0 |  1550
               +---------+---------+-------+---------+---------+-------+---------
